 Dungeon Crawl Stone Soup version 0.30-a0-347-gf58ed5266c (webtiles) character file.

Game seed: 15807749608071583360

50822 MrRokkomies the Fighter (level 14, -10/128 HPs)
             Began as an Armataur Gladiator on Nov 6, 2022.
             Was a High Priest of Hepliaklqana.
             Mangled by an ice devil (15 damage)
             ... summoned by an orc high priest
             ... on level 2 of the Orcish Mines.
             The game lasted 00:53:08 (16312 turns).

MrRokkomies the Fighter (Armataur Gladiator)       Turns: 16312, Time: 00:53:10

Health: -10/128    AC: 20    Str: 26    XL:     14   Next: 21%
Magic:  17/20      EV:  8    Int:  8    God:    Hepliaklqana [*****.]
Gold:   3148       SH:  5    Dex:  8    Spells: 13/13 levels left

rFire   + . .      SeeInvis +    a - +14 obsidian axe {vorpal, Mesm Drain Fly SInv}
rCold   . . .      Faith    .    (no shield)
rNeg    . . .      Spirit   .    y - +4 scale mail {rF+}
rPois   .          Reflect  +    N - +0 helmet of the Yeti {rElec Regen+ Dex-3}
rElec   +          Harm     .    P - +0 cloak
rCorr   .          Roll     +    u - +0 pair of gloves
Will    +....                    (no barding)
Stlth   +.........               t - amulet of reflection
HPRegen 1.21/turn                C - +4 ring of protection
MPRegen 0.17/turn                (no ring)

@: about to teleport, flying, mesmerised
A: reduced essence, large, rugged brown scales 3, deformed body, armoured tail,
roll, long tongue, awkward tongue
a: Renounce Religion, Recall Ancestor, Ancestor Identity, Transference, Idealise


You were on level 2 of the Orcish Mines.
You worshipped Hepliaklqana.
Hepliaklqana was extremely pleased with you.
You visited 4 branches of the dungeon, and saw 18 of its levels.
You also visited: Volcano.

You collected 3410 gold pieces.
You spent 262 gold pieces at shops.

Inventory:

Hand Weapons
 a - the +14 obsidian axe (weapon) {vorpal, Mesm Drain Fly SInv}
   (You found it on level 2 of the Orcish Mines)

   It inflicts extra damage upon your enemies.
   It occasionally summons demons to assist the wielder when it strikes in
   combat.
   Its wielder is mesmerised by any visible foes.
   It cannot be unequipped while any foes are visible.
   SInv:      It lets you see invisible.
   Fly:       It grants you flight.
   Drain:     It drains your maximum health when unequipped.
 b - a +6 great mace of flaming
 H - the +10 flail "Joerhorgh" {protect, rC+ MP+9 Int+3}
   (You found it on level 7 of the Dungeon)

   It grants its wielder temporary protection when it strikes (+7 to AC).
   Int:       It affects your intelligence (+3).
   rC:        It protects you from cold.
   MP:        It affects your magic capacity (+9).
Missiles
 d - 4 throwing nets
 e - 3 javelins
 h - 22 poisoned darts (quivered)
 r - 11 boomerangs
Armour
 u - a +0 pair of gloves (worn)
 y - a +4 scale mail of fire resistance (worn)
 E - a +0 scale mail of poison resistance
 N - the +0 helmet of the Yeti (worn) {rElec Regen+ Dex-3}
   (You found it in a volcano)

   Dex:       It affects your dexterity (-3).
   rElec:     It insulates you from electricity.
   Regen:     It increases your rate of health regeneration.
 P - a +0 cloak (worn)
Jewellery
 c - a ring of wizardry
 t - an amulet of reflection (around neck)
 C - a +4 ring of protection (left hand)
Wands
 i - a wand of flame (25)
 m - a wand of quicksilver (5)
 n - a wand of paralysis (24)
 x - a wand of digging (8)
 z - a wand of polymorph (17)
 A - a wand of mindburst (41)
 I - a wand of iceblast (11)
Scrolls
 j - 6 scrolls of immolation
 l - 5 scrolls of butterflies
 p - 7 scrolls of teleportation
 q - a scroll of poison
 s - 2 scrolls of silence
 v - a scroll of fear
 F - 6 scrolls of identify
 G - a scroll of amnesia
 K - a scroll of enchant armour
 O - 2 scrolls of summoning
Potions
 f - 3 potions of brilliance
 g - 2 potions of might
 k - 2 potions of berserk rage
 o - 2 potions of lignification
 w - 8 potions of curing
 B - 5 potions of cancellation
 D - a potion of ambrosia
 J - 2 potions of attraction
 Q - 2 potions of heal wounds
 R - 3 potions of haste
 S - a potion of mutation
Miscellaneous
 L - a tin of tremorstones (2/2)


   Skills:
 * Level 14.1 Fighting
 * Level 2.4(8.2) Axes
 - Level 13.3(13.5) Maces & Flails
 - Level 2.6(9.0) Staves
 - Level 1.7 Throwing
 + Level 8.7 Armour
 - Level 2.8 Dodging
 - Level 3.0 Stealth
 - Level 3.4 Shields
 + Level 9.0 Invocations
 - Level 5.0 Evocations


You had 13 spell levels left.
You didn't know any spells.
Your spell library contained the following spells:

 Spells                   Type           Power      Damage    Failure   Level
 Kiss of Death            Conj/Necr      0%         2d5       65%         1
 Cigotuvi's Dreadful Rot  Necr/Pois/Air  0%         N/A       80%         2
 Poisonous Vapours        Pois/Air       0%         N/A       80%         2
 Confusing Touch          Hex            0%         N/A       95%         3
 Frozen Ramparts          Ice            0%         1d1       95%         3
 Mephitic Cloud           Conj/Pois/Air  0%         N/A       95%         3
 Portal Projectile        Hex/Tloc       0%         N/A       95%         3
 Tukima's Dance           Hex            0%         N/A       95%         3
 Dispel Undead            Necr           0%         3d6       100%        4
 Ice Form                 Ice/Tmut       0%         N/A       100%        4
 Passage of Golubria      Tloc           0%         N/A       100%        4
 Summon Ice Beast         Ice/Summ       0%         N/A       100%        4
 Summon Lightning Spire   Summ/Air       0%         N/A       100%        4
 Blade Hands              Tmut           0%         N/A       100%        5
 Yara's Violent Unravell  Hex/Tmut       0%         3d3       100%        5
 Storm Form               Tmut/Air       0%         N/A       100%        7
 Maxwell's Capacitive Co  Air            0%         ∞         100%        8


Dungeon Overview and Level Annotations

Branches:
Dungeon (10/15)            Temple (1/1) D:6            Lair (5/5) D:9
  Swamp (0/4) Lair:3       Spider (0/4) Lair:3        Slime (0/5) Lair:5
    Orc (2/2) D:10            Elf (0/3) Orc:2       Volcano (visited)

Altars:
Ashenzari
Cheibriados
Dithmenos
Elyvilon
Fedhas
Gozag
Hepliaklqana
Kikubaaqudgha
Makhleb
Nemelex Xobeh
Okawaru
Qazlal
Sif Muna
Trog
Uskayaw
Vehumet
Wu Jian
Xom
Yredelemnul
Zin
The Shining One
Jiyva

Shops:
D:9 *   D:10 (   Orc:1 [   Orc:2 *!

Annotations:
D:9 3 runed translucent doors, crabbyslav's ghost, novice OpWn; flinch's ghost, novice TeHu; ouz's ghost, novice OpBr; verendum's ghost, novice OpFi
Lair:4 3 runed translucent doors, jehirs's ghost, journeyman OpTm


Innate Abilities, Weirdness & Mutations

Your life essence is reduced to manifest your ancestor. (-10% HP)
You are completely covered in rugged brown scales. (AC +3, +7% HP)
Armour fits poorly on your strangely shaped body.
You have a long armoured tail.
You roll when moving toward enemies. (Rampage)
Your long tongue fully drains potion bottles. (2x potion effects)
Your tongue gives you trouble enunciating. (1.5x scroll delay)


Message History

You feel strangely unstable.
Visions of slaying the rust devil flood into your mind.
The hellwing disappears in a puff of smoke!
Your hellwing closely misses the orc knight.
Your hellwing hits the orc knight.
The orc high priest hits you with a +0 scimitar!!
* * * LOW HITPOINT WARNING * * *
The rust devil closely misses you.
The orc knight hits your hellwing with a +0 war axe.
The orc knight hits you but does no damage.
The ice devil hits you but does no damage.
Your hellwing hits the orc knight but does no damage.
Your hellwing barely misses the orc knight.
Unknown command.
You closely miss the orc knight.
Your tail-slap misses the orc knight.
The orc knight is almost dead.
You hit the rust devil. You open a gate to Pandemonium!
A demon appears!
You hit the ice devil. You hit the orc high priest. The ice devil hits you.
* * * LOW HITPOINT WARNING * * *
The ice devil freezes you!!
* * * LOW HITPOINT WARNING * * *
The rust devil closely misses you.
The orc knight hits you with a +0 war axe.
* * * LOW HITPOINT WARNING * * *
The orc knight hits your sun demon with a +0 war axe.
The orc knight hits your hellwing with a +0 war axe.
The orc knight hits your chaos spawn with a +0 war axe.
Your chaos spawn gores the orc knight.
Your chaos spawn freezes the orc knight!
The orc knight dies!
The orc high priest hits you but does no damage.
Unknown command.
You slash the orc high priest! You tail-slap the orc high priest!
The orc high priest is severely wounded.
You slash the rust devil! You open a gate to Pandemonium!
A demon appears!
You slash the ice devil! You open a gate to Pandemonium!
A demon appears!
The ice devil hits you!
* * * LOW HITPOINT WARNING * * *
The ice devil freezes you!
You die...

.###...##
##§..###....#....
###.#.#
##.#.###........
##...#
##)..###..#...#
###.# ##.#.##
#.###### .###
##.))## ### #
..## ##..)## ##
...## ##334## ##.
....##
.#.#.#444## ##..
.....##
....3o4@## ##...
......##
.#...#o## #....
.......###....4#
#....
........###...#
#....
.........###.#
#....
..........###
#....
...##......# ####
##.##
..####....##
######..# ####
..#.......##
##.##...## #


You could see an orc high priest (strong, ally target), a hellwing (summoned),
an ice devil (summoned), a rust devil (summoned, mesmerising, ally target), a
sixfirhy (summoned), an orc sorcerer (strong), a friendly sun demon (summoned),
a friendly hellwing (summoned), a friendly smoke demon (summoned), a friendly
chaos spawn (summoned) and a friendly red devil (summoned).

Vanquished Creatures
  4 hydras
  A boulder beetle (Lair:3)
  2 orc high priests (Orc:2)
  A fire crab (Volcano)
  A lindwurm (Volcano)
  Pikel (D:9)
  An orc knight (Orc:2)
  An orc sorcerer (Orc:2)
  6 elephants (Lair:5)
  A rust devil (Orc:2)
  5 black mambas
  A molten gargoyle (Volcano)
  A gargoyle (D:10)
  8 cane toads
  6 komodo dragons
  2 trolls
  Grinder (D:5)
  18 blink frogs
  3 hornets (Lair:5)
  A jumping spider (Lair:3)
  2 vampires
  2 fire bats (Volcano)
  9 wyverns
  28 yaks
  A basilisk (Lair:2)
  3 redbacks
  2 steam dragons
  A chaos spawn (Orc:2)
  Edmund (D:5)
  2 hell hounds (Volcano)
  An acid dragon (D:8)
  20 water moccasins
  12 orc warriors
  An ice beast (D:5)
  3 centaurs
  An ogre (D:4)
  10 wolves
  2 kobold brigands
  9 bullfrogs
  Blork the orc (D:5)
  2 necrophages (D:6)
  3 gnoll sergeants
  2 scorpions
  3 wights (D:8)
  6 killer bees (D:4)
  An electric eel (D:7)
  3 howler monkeys
  A lava snake (Volcano)
  5 hounds
  4 jellies
  17 orc priests
  A gnoll bouda (D:7)
  4 iguanas
  6 orc wizards
  10 gnolls
  12 adders
  2 shadow imps
  4 ufetubi
  A dart slug (D:1)
  32 orcs
  10 ball pythons
  9 endoplasms
  A giant cockroach (D:1)
  4 goblins
  9 hobgoblins
  14 kobolds
  6 quokkas
  2 bats
  A frilled lizard (D:2)
  3 rats
354 creatures vanquished.

Vanquished Creatures (collateral kills)
  A hydra (Lair:4)
  A swamp dragon (Lair:3)
  A wolf spider (Lair:5)
  3 orc knights (Orc:2)
  An orc sorcerer (Orc:1)
  3 elephants (Lair:5)
  5 black mambas
  A rust devil (Orc:2)
  A guardian serpent (Lair:5)
  A molten gargoyle (Volcano)
  3 cane toads
  An unseen horror (D:9)
  A komodo dragon (Lair:3)
  2 trolls
  10 blink frogs
  A polar bear (Lair:5)
  4 wyverns (Lair:5)
  A fire bat (Volcano)
  13 yaks
  2 steam dragons
  A basilisk (Lair:5)
  9 water moccasins
  10 orc warriors
  2 sky beasts (D:7)
  An ogre (Orc:2)
  3 wolves (Lair:5)
  A lemure (D:9)
  2 bullfrogs (Lair:1)
  2 wights (D:8)
  A howler monkey (D:9)
  3 lava snakes (Volcano)
  5 orc priests
  2 orc wizards
  9 gnolls
  15 orcs
  A hobgoblin (D:10)
  4 kobolds
127 creatures vanquished.

Vanquished Creatures (others)
  6 battlemagi
  A gnoll (D:7)
  A kobold (D:8)
  25 fungi (Lair:5)
  64 plants
97 creatures vanquished.

Grand Total: 578 creatures vanquished

Notes
Turn   | Place    | Note
-------+----------+-------------------------------------------
     0 | D:1      | MrRokkomies the Armataur Gladiator began the quest for the
                  | Orb.
     0 | D:1      | Reached XP level 1. HP: 18/18 MP: 1/1
   119 | D:1      | Reached skill level 2 in Fighting
   169 | D:1      | Reached XP level 2. HP: 19/25 MP: 2/2
   217 | D:1      | Reached skill level 1 in Armour
   670 | D:2      | Reached XP level 3. HP: 12/32 MP: 3/3
  1131 | D:2      | You fall into a shaft and drop 2 floors!
  1163 | D:4      | Reached skill level 3 in Fighting
  1163 | D:4      | Reached XP level 4. HP: 29/40 MP: 4/4
  1259 | D:4      | Reached XP level 5. HP: 24/48 MP: 5/5
  1371 | D:3      | Found a bloodstained altar of Trog.
  1374 | D:3      | Identified the +6 whip of Zatonnoh {speed, MP+9}
  1743 | D:3      | Reached skill level 1 in Evocations
  2100 | D:3      | Found a hazy altar of Hepliaklqana.
  2109 | D:3      | Became a worshipper of Hepliaklqana the Forgotten
  2180 | D:3      | Reached skill level 1 in Maces & Flails
  2610 | D:4      | Found a shadowy altar of Dithmenos.
  2617 | D:4      | Reached skill level 4 in Fighting
  2617 | D:4      | Reached XP level 6. HP: 51/55 MP: 6/6
  2639 | D:4      | Reached XP level 7. HP: 34/64 MP: 7/7
  3162 | D:5      | Entered Level 5 of the Dungeon
  3206 | D:5      | Reached skill level 5 in Fighting
  3320 | D:5      | Noticed Grinder
  3331 | D:5      | Paralysed by Grinder for 2 turns
  3354 | D:5      | Killed Grinder
  3537 | D:5      | Reached * piety under Hepliaklqana
  3622 | D:5      | Reached XP level 8. HP: 66/66 MP: 8/8
  3647 | D:5      | Noticed Edmund
  3660 | D:5      | Killed Edmund
  3738 | D:5      | Reached skill level 5 in Armour
  3750 | D:5      | Noticed Blork the orc
  3757 | D:5      | Killed Blork the orc
  3758 | D:5      | Reached skill level 6 in Fighting
  4312 | D:6      | Found a staircase to the Ecumenical Temple.
  4330 | Temple   | Entered the Ecumenical Temple
  4457 | D:6      | Reached skill level 5 in Maces & Flails
  4915 | D:6      | Reached ** piety under Hepliaklqana
  4916 | D:6      | Remembered your ancestor Shunnar as a battlemage
  5243 | D:7      | Reached XP level 9. HP: 57/75 MP: 9/9
  5663 | D:7      | Reached skill level 7 in Fighting
  5923 | D:7      | Found a shimmering altar of Xom.
  6280 | D:7      | Identified the +10 flail "Joerhorgh" {protect, rC+ MP+9
                  | Int+3}
  6451 | D:8      | Found a stormy altar of Qazlal.
  6460 | D:8      | Reached skill level 5 in Evocations
  6465 | D:8      | Noticed a troll
  6474 | D:8      | Killed a troll
  6475 | D:8      | Reached skill level 8 in Fighting
  6587 | D:8      | Found a radiant altar of Vehumet.
  6682 | D:8      | Noticed Joseph
  6683 | D:8      | Joseph changed into Joseph the acid dragon
  6683 | D:8      | Noticed Joseph
  6690 | D:8      | Killed Joseph the acid dragon
  6714 | D:8      | Found an ornate altar of the Wu Jian Council.
  6925 | D:8      | Reached XP level 10. HP: 80/85 MP: 10/10
  7005 | D:8      | Found a burning altar of Makhleb.
  7040 | D:8      | Found a snail-covered altar of Cheibriados.
  7078 | D:8      | Found an opulent altar of Gozag.
  7089 | D:8      | Reached *** piety under Hepliaklqana
  7225 | D:9      | Identified the +6 quarterstaff of Qonyuzec {vorpal, rF+
                  | rC+}
  7519 | D:9      | Found a staircase to the Lair.
  7530 | D:9      | Found a runed translucent gate.
  7531 | D:9      | Found a runed translucent gate.
  7531 | D:9      | Found a runed translucent gate.
  7532 | D:9      | Noticed crabbyslav's ghost (novice OpWn)
  7532 | D:9      | Noticed ouz's ghost (novice OpBr)
  7532 | D:9      | Noticed verendum's ghost (novice OpFi)
  7532 | D:9      | Noticed flinch's ghost (novice TeHu)
  7544 | D:9      | Reached skill level 1 in Invocations
  7894 | D:9      | Found a white marble altar of Elyvilon.
  7935 | D:9      | Reached skill level 9 in Fighting
  8183 | D:9      | Found Tushitu's Assorted Antiques.
  8189 | D:9      | Bought a scroll of identify for 50 gold pieces
  8189 | D:9      | Bought a scroll labelled REUTIPR UNIGAT for 25 gold pieces
  8189 | D:9      | Bought a glowing buckler for 187 gold pieces
  8280 | D:9      | Noticed Pikel
  8292 | D:9      | Killed Pikel
  8439 | D:10     | Entered Level 10 of the Dungeon
  8532 | D:10     | Found Guddaopp's Weapon Shoppe.
  8534 | D:10     | Found a staircase to the Orcish Mines.
  8879 | D:10     | Reached skill level 1 in Stealth
  8892 | D:10     | Noticed a gargoyle
  8895 | D:10     | Killed a gargoyle
  8903 | D:10     | Found a shimmering blue altar of Sif Muna.
  8924 | D:10     | Reached **** piety under Hepliaklqana
  9035 | D:10     | Reached XP level 11. HP: 92/94 MP: 13/13
  9110 | D:10     | Found a glowing golden altar of the Shining One.
  9339 | Lair:1   | Entered Level 1 of the Lair of Beasts
  9761 | Lair:1   | Reached skill level 10 in Fighting
 10138 | Lair:2   | Reached skill level 1 in Shields
 10176 | Lair:2   | Reached ***** piety under Hepliaklqana
 10430 | Lair:2   | Noticed a six-headed hydra
 10438 | Lair:2   | Killed a six-headed hydra
 10738 | Lair:3   | Found a dark tunnel.
 10750 | Volcano  | Entered a volcano
 10798 | Volcano  | Found a bloodstained altar of Trog.
 10798 | Volcano  | Noticed a lindwurm
 10808 | Volcano  | Reached skill level 5 in Invocations
 10809 | Volcano  | Killed a lindwurm
 10810 | Volcano  | Reached skill level 10 in Maces & Flails
 10819 | Volcano  | Noticed a fire crab
 10822 | Volcano  | Killed a fire crab
 10985 | Volcano  | Reached XP level 12. HP: 87/104 MP: 16/16
 10989 | Volcano  | Identified the +0 helmet of the Yeti {rElec Regen+ Dex-3}
 11231 | Lair:3   | Reached skill level 11 in Fighting
 11272 | Lair:3   | Found a hole to the Spider Nest.
 11563 | Lair:3   | Found a staircase to the Swamp.
 11839 | Lair:3   | Noticed a boulder beetle
 11848 | Lair:3   | Killed a boulder beetle
 12215 | Lair:4   | Noticed a five-headed hydra
 12223 | Lair:4   | Killed a five-headed hydra
 12375 | Lair:4   | You fall into a shaft and drop 1 floor!
 12375 | Lair:5   | Entered Level 5 of the Lair of Beasts
 12389 | Lair:5   | Reached skill level 12 in Fighting
 12517 | Lair:4   | Noticed a seven-headed hydra
 12526 | Lair:4   | Killed a seven-headed hydra
 13009 | Lair:4   | Found a runed translucent gate.
 13009 | Lair:4   | Found a runed translucent gate.
 13049 | Lair:4   | Reached XP level 13. HP: 63/115 MP: 18/18
 13117 | Lair:4   | Found a runed translucent gate.
 13122 | Lair:4   | Noticed jehirs's ghost (journeyman OpTm)
 13918 | Lair:5   | Reached skill level 13 in Fighting
 14225 | Lair:5   | Found a bloodstained altar of Trog.
 14262 | Lair:5   | Identified a scroll of acquirement
 14262 | Lair:5   | Acquired 1292 gold pieces
 14586 | Lair:5   | Found a viscous altar of Jiyva.
 14586 | Lair:5   | Found a staircase to the Slime Pits.
 15275 | Orc:1    | Entered Level 1 of the Orcish Mines
 15286 | Orc:1    | Found Nohix's Antique Armour Boutique.
 15296 | Orc:1    | Paralysed by an orc sorcerer for 4 turns
 15425 | Orc:2    | Entered Level 2 of the Orcish Mines
 15425 | Orc:2    | Found the +14 obsidian axe {vorpal, Mesm Drain Fly SInv}
 15588 | Orc:2    | Reached XP level 14. HP: 114/126 MP: 20/20
 15625 | Orc:2    | Found Goite's General Store.
 15625 | Orc:2    | Found Fahur's Distillery.
 15644 | Orc:2    | Reached skill level 1 in Axes
 15662 | Orc:2    | Reached skill level 14 in Fighting
 15832 | Orc:2    | Found a staircase to the Elven Halls.
 16312 | Orc:2    | HP: 5/128 [ice devil[an orc high priest] (9)]
 16312 | Orc:2    | Mangled by an ice devil

Illustrated notes

Levels and vault maps discovered:
D:1:      nzn_arrival_water_spiral, layout_loops_cross
D:2:      minmay_inner_zag, layout_basic
D:3:      layout_loops_ring, general_overflow_altar,
          mainiacjoe_overflow_surrounded_room, corner_web_ring,
          minmay_door_square, hangedman_glass_teeth
D:4:      layout_loops_ring, grunt_dithmenos_smoke_and_mirrors
D:5:      layout_cave_pods, uniq_edmund, uniq_grinder, uniq_blork_the_orc
D:6:      layout_basic, temple_statues, minmay_misc_feat_rugged
D:7:      layout_cave_pools, mainiacjoe_overflow_24_doors, serial_column_ruins,
          column_ruins_grid_3, column_ruins_grid_1, column_ruins_open_tiny,
          column_ruins_corridor_T, column_ruins_grid_1, column_ruins_open_tiny,
          water_maze_lemuel
D:8:      layout_layer_cave, fiery_altar_vehumet, mainiacjoe_overflow_brackets,
          nicolae_overflow_hidden_temple, nicolae_qazlal_scattered_showers,
          mainiacjoe_overflow_large_starburst, uniq_joseph
D:9:      layout_cave_pods, mainiacjoe_overflow_tiny_flanked, lair_entry_dummy,
          serial_shops, nicolae_shop_overgrown_old_shop,
          gammafunk_ghost_cemetery, uniq_pikel
D:10:     layout_small_grid, marbit_many_paths, nicolae_overflow_crystal_walls,
          orc_david_3, corexii_checkpoint_a
Temple:   nicolae_temple_bog_church
Lair:1:   layout_gridlike, serial_forest, infiniplex_forest_end_1,
          infiniplex_forest_straight_4, infiniplex_forest_end_2,
          infiniplex_forest_clump_medium, infiniplex_forest_lined_2,
          infiniplex_forest_clump_double, infiniplex_forest_end_2,
          infiniplex_forest_corner_2, small_statue_intersection
Lair:2:   layout_big_grid, grunt_megastairs_1
Lair:3:   layout_regular_city, minmay_swamp_entry_reptiles, spider_nest_entry_a,
          nicolae_volcano_entry_two_sided, lemuel_fruit_tree,
          infiniplex_staircase_pool, lemuel_fruit_fields, grunt_megastairs_5
Lair:4:   layout_layer_cave, ebering_ghost_rock_garden,
          hangedman_lair_unloving_vines, grunt_megastairs_3,
          serial_bayou_shore_b
Lair:5:   hangedman_lair_tendril_chambers, layout_small_grid,
          dpeg_slime_entry_enclosed, basic_altar, minivault_27
Orc:1:    layout_diamond_mine, serial_shops, shop, shop
Orc:2:    pf_orc_diabolical, layout_diamond_mine, basic_altar,
          dreamdust_deal_with_the_devil

Skill      XL: |  1  2  3  4  5  6  7  8  9 10 11 12 13 14 |
---------------+-------------------------------------------+-----
Fighting       | 2 3 4 5 6 8 9 10 12 13 14 | 14.1
Armour         | 1 2 3 4 5 7 8 |  8.7
Evocations     | 1 2 3 4 5 |  5.0
Maces & Flails | 1 2 3 5 7 8 10 11 13 | 13.3
Invocations    | 3 5 7 8 9 |  9.0
Stealth        | 1 3 |  3.0
Shields        | 3 |  3.4
Axes           | 2 |  2.4
Staves         | |  2.6
Throwing       | |  1.7
Dodging        | |  2.8

Action                   |  1- 3 |  4- 6 |  7- 9 | 10-12 | 13-15 || total
-------------------------+-------+-------+-------+-------+-------++-------
Melee: Quarterstaff      |    88 |    26 |       |       |       ||   114
       Tailslap          |     8 |    12 |    42 |    62 |    52 ||   176
       Whip              |       |    88 |   238 |       |       ||   326
       Punch             |       |     1 |     1 |     3 |     5 ||    10
       Flail             |       |       |    39 |   418 |   248 ||   705
       Great mace        |       |       |       |     7 |       ||     7
       Broad axe         |       |       |       |       |    80 ||    80
Throw: Boomerang         |       |       |     1 |       |       ||     1
       Dart              |       |       |       |     3 |     4 ||     7
Invok: Ancestor Life: Ba |       |       |     1 |       |       ||     1
       Recall Ancestor   |       |       |       |     1 |       ||     1
       Idealise          |       |       |       |       |     6 ||     6
       Transference      |       |       |       |       |     1 ||     1
Evoke: Wand              |       |       |     4 |       |       ||     4
  Use: Scroll            |     7 |     4 |     5 |    15 |     3 ||    34
       Potion            |       |     2 |     2 |     3 |     5 ||    12
 Stab: Distracted        |       |       |       |     3 |     5 ||     8
Armor: Leather armour    |    30 |    17 |       |       |       ||    47
       Plate armour      |       |     8 |    73 |       |       ||    81
       Scale mail        |       |       |    39 |   237 |   244 ||   520
Dodge: Dodged            |    45 |    38 |    54 |   136 |   152 ||   425
Block: Other             |       |     3 |    43 |    47 |    72 ||   165
       Reflection        |       |       |     1 |     5 |     2 ||     8
       Buckler           |       |       |       |    94 |       ||    94

Table legend: (Time is in decaauts)
 A = Elapsed time spent in this place.
 B = Non-inter-level travel time spent in this place.
 C = Inter-level travel time spent in this place.
 D = Time resting spent in this place.
 E = Time spent auto-exploring this place.
 F = Levels seen in this place.
 G = Mean time per level.
                   A        B        C        D        E       F      G
               +--------+--------+--------+--------+--------+-----+--------+
         Total |  16160 |  15514 |    646 |    906 |  12052 |  19 |  850.5 |
       Dungeon |   9246 |   8857 |    389 |    526 |   7001 |  10 |  924.6 |
        Temple |     35 |     18 |     17 |      0 |     13 |   1 |   35.0 |
          Lair |   5488 |   5269 |    219 |    295 |   4138 |   5 | 1097.6 |
  Orcish Mines |   1048 |   1028 |     20 |     63 |    745 |   2 |  524.0 |
       Volcano |    342 |    342 |      0 |     22 |    155 |   1 |  342.0 |
               +--------+--------+--------+--------+--------+-----+--------+

Top non-repeatable levels by time:
  Lair:5: 1614 daAuts
  Lair:4: 1306 daAuts
     D:9: 1275 daAuts
  Lair:3: 1148 daAuts
     D:5: 1050 daAuts
     D:6: 1043 daAuts
     D:7: 950 daAuts
     D:3: 933 daAuts
     D:4: 926 daAuts
   Orc:2: 902 daAuts
     D:8: 885 daAuts
    D:10: 882 daAuts
  Lair:1: 798 daAuts
     D:2: 710 daAuts
  Lair:2: 621 daAuts
